 Dungeon Crawl Stone Soup version 0.29.0-11-gd7f09526c8 (webtiles) character file.

Game seed: 7243988996719506140

110 kd29 the Changer (level 4, -1/42 HPs)
             Began as an Octopode Transmuter on Sept 6, 2022.
             Constricted to death by Terence (5 damage)
             ... on level 3 of the Dungeon.
             The game lasted 00:02:19 (2840 turns).

kd29 the Changer (Octopode Transmuter)              Turns: 2840, Time: 00:02:20

Health: -1/42      AC: 22    Str:  9    XL:     4   Next: 91%
Magic:  8/8        EV: -1    Int: 17    God:
Gold:   80         SH:  0    Dex: 12    Spells: 6/9 levels left

rFire   . . .      SeeInvis .   b - +0 spear
rCold   . . .      Faith    .   (no shield)
rNeg    . . .      Spirit   .   (helmet currently unavailable)
rPois   +          Reflect  .   (no amulet)
rElec   .          Harm     .   (no ring)
rCorr   .          Rampage  .   (no ring)
Will    .....      NoTele   +   (no ring)
Stlth   +.........              (no ring)
HPRegen 0.14/turn               (no ring)
MPRegen 0.11/turn               (no ring)
                                (no ring)
                                (no ring)

@: brilliant, tree-form, grasped by roots, constricted
A: stationary, stasis, torment immunity, boosted hp, almost no armour,
(amphibious), 8 rings, (camouflage 1), (gelatinous body 1), (nimble swimmer 1),
(tentacles)
a: no special abilities


You were on level 3 of the Dungeon.
You were a tree.
You visited 1 branch of the dungeon, and saw 3 of its levels.

You collected 80 gold pieces.

Inventory:

Hand Weapons
 b - a +0 spear (weapon)
Jewellery
 l - an amulet of guardian spirit
Wands
 c - a wand of charming (6)
Scrolls
 d - 3 scrolls of amnesia {unknown}
 f - a scroll of brand weapon {unknown}
 g - 3 scrolls of identify {unknown}
 h - 2 scrolls of poison {unknown}
 i - a scroll of vulnerability {unknown}
 o - a scroll of teleportation {unknown}
Potions
 a - 2 potions of lignification
 e - a potion of magic {unknown}
 j - a potion of brilliance
 k - a potion of might {unknown}
 m - a potion of degeneration {unknown}
 n - a potion of attraction {unknown}
 p - a potion of curing {unknown}


   Skills:
 - Level 1.0 Fighting
 - Level 2.0 Dodging
 - Level 3.0 Unarmed Combat
 + Level 3.0 Spellcasting
 * Level 4.1 Transmutations


You had 6 spell levels left.
You knew the following spells:

 Your Spells              Type           Power      Damage    Failure   Level
a - Beastly Appendage     Tmut           50%        N/A       3%          1
b - Wereblood             Tmut           25%        N/A       4%          2

Your spell library contained the following spells:

 Spells                   Type           Power      Damage    Failure   Level
 Slow                     Hex            12%        N/A       17%         1
 Spider Form              Tmut/Pois      14%        N/A       22%         3
 Confusing Touch          Hex            3%         N/A       45%         3
 Vampiric Draining        Necr           3%         2d6       45%         3
 Ice Form                 Ice/Tmut       14%        N/A       58%         4


Dungeon Overview and Level Annotations

Branches:
Dungeon (3/15)

Altars:
Xom

Annotations:
D:3 Terence


Innate Abilities, Weirdness & Mutations

You are a tree.
Your roots penetrate the ground, keeping you stationary.
You cannot be teleported.
You are immune to unholy pain and torment.
Your maximum health is greatly increased.
You cannot wear most types of armour.
((You are amphibious.))
You can wear up to eight rings at the same time.
((Your skin changes colour to match your surroundings (Stealth+).))
((Your rubbery body absorbs attacks. (AC +1, EV +1)))
((You are camouflaged when in or above water. (Stealth+)))
((You have tentacles for arms and can constrict up to eight enemies at once.))


Message History

You feel clever all of a sudden.
You constrict Terence, but do no damage.
Terence says, "Time to say good-bye..."
Terence misses you.
Really quaff the potion of lignification?
Your tentacle spike disappears.
You turn into a tree.
Your roots penetrate the ground.
You lose your grip on Terence.
Terence zaps a wand.
The roots erupt in riotous growth!
The grasping roots grab you!
Terence is unaffected.
The grasping roots constrict you.
You hit Terence but do no damage.
Terence is lightly wounded.
Terence hits you with a +1 short sword of protection.
* * * LOW HITPOINT WARNING * * *
The grasping roots constrict you.
* * * LOW HITPOINT WARNING * * *
You closely miss Terence.
Terence is lightly wounded.
Terence hits you but does no damage. The grasping roots constrict you.
The grasping roots release their grip on you.
You hit Terence but do no damage.
Terence is lightly wounded.
Terence zaps a wand.
The roots erupt in riotous growth!
The grasping roots grab you!
Terence is unaffected.
The grasping roots constrict you.
You hit Terence but do no damage.
Terence is lightly wounded.
Terence hits you but does no damage. The grasping roots constrict you.
You barely miss Terence.
Terence is lightly wounded.
Terence hits you but does no damage. The grasping roots constrict you.
* * * LOW HITPOINT WARNING * * *
The grasping roots release their grip on you.
You barely miss Terence. Your punch misses Terence.
Terence is lightly wounded.
Terence zaps a wand.
The roots erupt in riotous growth!
The grasping roots grab you!
Terence is unaffected.
The grasping roots constrict you.
You die...

#######'#############.#######
#.###..................
#.##..#########.##########
#.##.## #..........## #....#
########..... ####.#### ....
#..... #....# ..... #)....
#.##.##########...... #.....
##'##>........♣@......## #.....
##...##...#######......+.##.....
##.....##...# .....#...##.##
#.8...8.##..# ....###..#.#
.#.....#.##.# ##############.#.#
..8...8...#.#
#..............#.##
....).....'.#
#.############.....
..8...8...#.# #.# ####.#.##
.#.....#.#### #†# #....#...


You could see Terence.

Vanquished Creatures
  Ijyb (D:3)
  4 adders
  3 worms (D:2)
  4 orcs (D:3)
  2 ball pythons
  4 bats
  2 endoplasms
  A giant cockroach (D:2)
  4 goblins
  A hobgoblin (D:1)
  3 kobolds
  2 quokkas (D:1)
  A frilled lizard (D:3)
  6 rats
38 creatures vanquished.

Notes
Turn   | Place    | Note
-------+----------+-------------------------------------------
     0 | D:1      | kd29 the Octopode Transmuter began the quest for the Orb.
     0 | D:1      | Reached XP level 1. HP: 13/13 MP: 3/3
   306 | D:1      | Reached XP level 2. HP: 14/18 MP: 3/5
   399 | D:1      | Learned a level 2 spell: Wereblood
  1047 | D:2      | Reached skill level 3 in Transmutations
  1047 | D:2      | Reached XP level 3. HP: 23/23 MP: 4/6
  1157 | D:2      | Found a shimmering altar of Xom.
  1899 | D:3      | Reached XP level 4. HP: 25/28 MP: 6/8
  2328 | D:3      | Noticed Ijyb
  2348 | D:3      | Killed Ijyb
  2349 | D:3      | Reached skill level 4 in Transmutations
  2826 | D:3      | Noticed Terence
  2840 | D:3      | Constricted to death by Terence

Illustrated notes

Levels and vault maps discovered:
D:1:      dpeg_arrival_short_road, layout_basic, serial_forest,
          infiniplex_forest_diagonal, infiniplex_forest_straight_4,
          infiniplex_forest_straight_2, infiniplex_forest_clump_long,
          infiniplex_forest_lined_corner, infiniplex_forest_join, hex_medium,
          minmay_pentomino_p2
D:2:      layout_loops_ring, serial_glass, glass_columns_a, glass_columns_c,
          glass_columns_b, glass_columns_a, glass_columns_a, glass_columns_a,
          basic_altar
D:3:      layout_basic, hellmonk_ecumenical_altar_dog_temple, chequers_jeans,
          dk_noncrumbling_3, uniq_terence, uniq_ijyb

Skill      XL: |  1  2  3  4 |
---------------+-------------+-----
Transmutations | 3 4 |  4.1
Spellcasting   | 3 |  3.0
Fighting       | |  1.0
Dodging        | |  2.0
Unarmed Combat | |  3.0

Action                   |  1- 3 |  4- 6 || total
-------------------------+-------+-------++-------
Melee: Spear             |    71 |    43 ||   114
       Constrict         |    17 |     7 ||    24
       Kick              |    14 |    10 ||    24
       Unarmed           |     2 |       ||     2
       Tentacles         |     9 |     4 ||    13
       Punch             |     4 |     3 ||     7
 Cast: Beastly Appendage |    23 |     7 ||    30
Evoke: Wand              |       |     1 ||     1
  Use: Potion            |       |     4 ||     4
 Stab: Sleeping          |     9 |     1 ||    10
Armor: Skin              |     4 |     3 ||     7
Dodge: Dodged            |    22 |    21 ||    43
